 Dungeon Crawl Stone Soup version 0.23-a0-558-g30802b1 (webtiles) character file.

40 Amnesiac the Ducker (level 3, -3/19 HPs)
             Began as a Spriggan Berserker on Dec 12, 2018.
             Was a Believer of Trog.
             Slain by a hobgoblin
             ... wielding a +0 falchion
             ... led by Robin
              (10 damage)
             ... on level 1 of the Dungeon.
             The game lasted 00:01:43 (1349 turns).

Amnesiac the Ducker (Spriggan Berserker)            Turns: 1349, Time: 00:01:44

Health: -3/19      AC:  2    Str: 14    XL:     3   Next: 30%
Magic:  4/4        EV: 20    Int:  8    God:    Trog [**....]
Gold:   60         SH:  0    Dex: 15    Spells: 2/2 levels left

rFire    . . .     SeeInvis +   a - +0 short sword
rCold    . . .     Gourm    .   (shield restricted)
rNeg     . . .     Faith    .   b - +0 animal skin
rPois    .         Spirit   .   (helmet restricted)
rElec    .         Reflect  .   (no cloak)
rCorr    .         Harm     .   (gloves unavailable)
MR       .....                  (boots unavailable)
Stlth    +.........             (no amulet)
HPRegen  0.06/turn              (no ring)
MPRegen  0.09/turn              (no ring)

@: very quick
A: very small, unfitting armour, see invisible, herbivore, speed 3, slow
metabolism 2
a: Berserk, Trog's Hand, Renounce Religion


You were on level 1 of the Dungeon.
You worshipped Trog.
Trog was pleased with you.
You were not hungry.

You visited 1 branch of the dungeon, and saw 2 of its levels.

You collected 60 gold pieces.

Inventory:

Hand Weapons
 a - a +0 short sword (weapon)
Armour
 b - a +0 animal skin (worn)
Jewellery
 h - an uncursed ring of protection from magic
Scrolls
 d - a scroll of random uselessness {!r, unknown}
 f - a scroll of remove curse {!r, unknown}
 g - 3 scrolls of identify {!r, unknown}
Potions
 e - a potion of ambrosia {!q, unknown}
 i - a potion of brilliance {!q, unknown}
Comestibles
 c - 2 rations


   Skills:
 + Level 2.9 Fighting
 + Level 3.9 Short Blades
 + Level 5.2 Dodging


You had 2 spell levels left.
You didn't know any spells.
Your spell library was empty.

Dungeon Overview and Level Annotations

Branches:
Dungeon (2/15)

Altars:

Annotations:
D:2 Robin


Innate Abilities, Weirdness & Mutations

You are very small and have problems with some larger weapons.
You are too small for most types of armour.
You have supernaturally acute eyesight. (SInv)
You are a herbivore.
You cover ground extremely quickly.
You need to consume almost no food.


Message History

You kill the goblin!
Trog accepts your kill.
The hobgoblin throws a stone.
The stone barely misses you.
The goblin shoots a stone.
The stone hits you.
You see here a stone.
A ball python is nearby!
You swing at nothing.
You swing at nothing.
You swing at nothing.
You barely miss the ball python. The ball python closely misses you.
The ball python misses you. x2; The ball python completely misses you.
You closely miss the ball python. The ball python barely misses you.
The ball python misses you.
You closely miss the ball python. The ball python completely misses you.
The ball python grabs you. The ball python constricts you.
You barely miss the ball python. The ball python closely misses you.
The ball python constricts you.
You hit the ball python but do no damage.
The ball python barely misses you. The ball python constricts you.
The hobgoblin closely misses you.
You hit the ball python but do no damage.
The ball python misses you. The ball python constricts you.
The hobgoblin hits you with a +0 falchion.
* * * LOW HITPOINT WARNING * * *
You escape the ball python's grasp.
You swing at nothing.
The ball python completely misses you. x2
You barely miss the ball python.
The hobgoblin hits you with a +0 falchion.
* * * LOW HITPOINT WARNING * * *
The ball python bites you but does no damage.
The ball python misses you.
You swing at nothing.
You hit the goblin.
The goblin is moderately wounded.
The goblin closely misses you.
You hit the goblin but do no damage.
The goblin is moderately wounded.
You closely miss the goblin.
The goblin is moderately wounded.
The goblin misses you.
You closely miss the goblin.
The goblin is moderately wounded.
The goblin hits you but does no damage.
You puncture the goblin!
You kill the goblin!
Trog accepts your kill.
Robin roars a battlecry!
The hobgoblin goes into a battle-frenzy!
You hear a shout!
The hobgoblin throws a stone.
The stone completely misses you.
You see here a stone.
There is a stone staircase leading up here.
The hobgoblin throws a stone.
The stone hits you but does no damage. The hobgoblin misses you.
The ball python completely misses you. The ball python misses you.
The ball python bites you but does no damage.
The ball python completely misses you.
You climb upwards.
There is a stone staircase leading down here.
You swing at nothing.
You hit the hobgoblin but do no damage.
The hobgoblin hits you with a +0 falchion!
Ouch! That really hurt!
You die...

#....................[........
###.....########..##......####
#.......######...######.....
#...#................######.
#..........................(
######...###.............#####...
.......#.# #####.................
......##.# ###...#.......##..
......##.## ###@gS....#########.
......##..####...##>.....#.......
........#..##..#####.....#.###...
......#.†........# #.......##..#.
#.#####....#...†.# #.....####.##.
#.##....#........# #.....(##.....
.....######......####............
.....# ##.................####
.....# #..............[..#


You could see a hobgoblin and a ball python.

Vanquished Creatures
  An adder (D:2)
  A worm (D:2)
  A dart slug (D:2)
  A leopard gecko (D:2)
  6 bats
  2 giant cockroaches
  5 goblins
  3 hobgoblins
  2 kobolds (D:2)
  A rat (D:1)
23 creatures vanquished.

Notes
Turn   | Place    | Note
-------+----------+-------------------------------------------
     0 | D:1      | Amnesiac the Spriggan Berserker began the quest for the
                  | Orb.
     0 | D:1      | Reached XP level 1. HP: 11/11 MP: 2/2
   484 | D:1      | Reached XP level 2. HP: 11/16 MP: 3/3
   716 | D:2      | Noticed Robin
   914 | D:2      | Noticed Terence
   937 | D:2      | Reached skill level 5 in Dodging
  1051 | D:2      | Reached ** piety under Trog
  1051 | D:2      | Reached XP level 3. HP: 10/19 MP: 4/4
  1349 | D:1      | Slain by a hobgoblin

Vault maps used:
D:1:      lightli_arrival_chessboard, corexii_leaking_fountain, chequers_jeans
D:2:      uniq_terence, uniq_robin

Skill      XL: |  1  2 |
---------------+-------+-----
Dodging        | 5 |  5.2
Fighting       | |  2.9
Short Blades   | |  3.9

Action                   || total
-------------------------++-------
Melee: Short sword       ||   100
 Stab: Sleeping          ||     1
Armor: Animal skin       ||     6
Dodge: Dodged            ||   111

Table legend:
 A = Non-vault XP
 B = Vault XP
 C = Vault XP percentage of total XP
 D = Non-vault monster count
 E = Vault monster count
 F = Vault count percentage of total count
                 A         B        C        D         E       F
            +---------+---------+-------+---------+---------+-------
      Total |      52 |       6 |  10.3 |      20 |       3 |  13.0
            +---------+---------+-------+---------+---------+-------
        D:1 |      14 |       2 |  12.5 |       8 |       1 |  11.1
        D:2 |      38 |       4 |   9.5 |      12 |       2 |  14.3
            +---------+---------+-------+---------+---------+-------
